AoeStats
← Cabob6970

Arena

513080098Analyzed
2v2 RM · 24d ago on Oct 12, 2026· 49m 55s· 4 players
Game mode
Random Map
Map size
Medium (4 player)
Population
200
Speed
Normal
Resources
Standard
Victory
Conquest
Starting age
Dark Age
Ending age
Imperial Age
RankedLock teamsTeams togetherTeam positionsShared explorationLock speedFull tech treeHidden civsTurbo modeCheats
Victory
Defeat
🇦🇷 Franks · Argentina
630
+9
🇨🇳 Britons · China
601
+10
vs
🇨🇦 Saracens · Canada
521
-11
🇨🇦 Japanese · Canada
409
-8
thvmbn
0:46 Loom
11:04 Feudal Age
13:31 Horse Collar
13:41 Double-Bit Axe
17:39 Castle Age
23:00 Forging
22:55 Scale Barding Armor
25:21 Man-at-Arms
26:03 Squires
25:48 Arson
27:58 Bimaristan
27:28 Crossbowman
28:30 Heavy Plow
28:51 Bow Saw
34:17 Imperial Age
44:02 Pikeman
Cabob6970
1:47 Loom
12:31 Feudal Age
22:10 Castle Age
28:34 Caravan
35:41 Imperial Age
43:26 Elite Samurai
蟹黄堡
9:26 Feudal Age
10:25 Double-Bit Axe
11:32 Loom
11:35 Town Watch
11:52 Horse Collar
20:46 Castle Age
19:59 Padded Archer Armor
19:49 Fletching
20:01 Stone Mining
20:02 Gold Mining
22:08 Gold Shaft Mining
21:38 Heavy Plow
21:54 Bow Saw
22:22 Elite Skirmisher
27:46 Wheelbarrow
30:18 Ballistics
30:13 Murder Holes
30:30 Masonry
30:11 Guard Tower
30:33 Fortified Wall
34:12 Imperial Age
32:55 Crossbowman
34:37 Yeomen
34:53 Bodkin Arrow
34:58 Arrowslits
36:41 Architecture
38:15 Chemistry
38:33 Bracer
38:48 Leather Archer Armor
40:44 Two-Man Saw
39:09 Arbalester
41:18 Ring Archer Armor
40:59 Siege Engineers
40:35 Treadmill Crane
41:05 Elite Longbowman
41:12 Capped Ram
42:03 Heavy Scorpion
46:53 Scale Mail Armor
46:42 Arson
46:58 Squires
46:43 Gambesons
46:19 Pikeman
47:35 Halberdier
48:46 Chain Mail Armor
small_vip_moon
12:20 Feudal Age
17:02 Castle Age
15:22 Double-Bit Axe
23:52 Wheelbarrow
25:42 Bow Saw
26:43 Hand Cart
30:31 Imperial Age
28:55 Town Watch
30:27 Forging
30:23 Scale Barding Armor
30:23 Fletching
30:00 Pikeman
30:40 Squires
30:40 Halberdier
31:47 Conscription
31:41 Scale Mail Armor
32:19 Iron Casting
31:45 Scale Mail Armor
32:31 Gold Mining
32:46 Husbandry
32:06 Cavalier
34:48 Blast Furnace
35:12 Masonry
35:25 Ballistics
35:40 Chain Mail Armor
37:33 Chivalry
36:58 Ordonnance Companies
38:56 Paladin
40:09 Architecture
40:41 Chemistry
39:39 Murder Holes
41:16 Chain Barding Armor
48:23 Plate Barding Armor
48:19 Plate Mail Armor
47:40 Treadmill Crane
48:08 Siege Engineers
49:04 Chemistry
Connection lost

Rejoining the realm…

Still unreachable

The connection could not be restored.

Session expired

The server has moved on; the page needs a fresh start.